 Dungeon Crawl Stone Soup version bcrawl-1.41.1 (webtiles) character file.

Game seed: 7192214817593456287

6431950 Grimmash the Severer (level 19, -8/156 HPs)
             Began as a Demigod Archaeologist on Apr 14, 2024.
             Killed from afar by a mature stingfire beast (24 damage)
             ... with a blast of flame
             ... on level 11 of the Dungeon on Apr 16, 2024.
             The game lasted 01:45:10 (45117 turns).

Grimmash the Severer (Demigod Archaeologist)       Turns: 45117, Time: 01:45:11

Health: -8/156     AC: 32    Str: 23    XL:     19   Next: 44%
Magic:  0/55       EV: 13    Int: 27    God:    Demigod [*****.]
Gold:   185        SH: 14    Dex: 17    Spells: 29/35 levels left

rFire    . . .     GDR:     35% a - +7 broad axe (flame)
rCold    + . .     SeeInvis +   R - +2 medium shield {AC+3}
rNeg     . . .     Gourm    .   T - +11 chain mail "Kaprit" {Int+2 Dex+2}
rPois    .         Faith    .   n - +3 hat of Pondering {ponderous, MR+ MP+10 Int+5}
rElec    +         Spirit   +   Z - scarf {Spirit}
rCorr    .         Reflect  .   H - +0 pair of gloves "Pol Xoem" {rElec rC+ SInv}
MR       ++...                  P - +2 pair of boots
Stlth    ..........             M - amulet of magic regeneration
HPRegen  0.36/turn              A - +6 ring of evasion
MPRegen  0.74/turn              s - ring of magical power

@: lethally poisoned (-8 -> -49), constricted, studying Axes, heavily drained,
slow
A: see invisible, dopey 1, high mp 1
}: 1/15 runes: serpentine
a: Temporal Distortion, Growth, Major Destruction, Heroism, Divine Shield


You were on level 11 of the Dungeon.
You worshipped Demigod.
Demigod was extremely pleased with you.
You were very hungry.

You visited 6 branches of the dungeon, and saw 28 of its levels.
You also visited: Sewer, Bailey, Gauntlet and Volcano.

You collected 2793 gold pieces.
You spent 2608 gold pieces at shops.

Inventory:

Hand Weapons
 a - a +7 broad axe of flaming (weapon)
 b - the +9 staff of Wucad Mu {crush, +Abjure *Drain MP+20}
   (You acquired it on level 9 of the Dungeon)

   It will always inflict at least some extra damage.
   This minimum extra damage increases with your current reserve of magical
   power.
   It affects your magic capacity (+20).
   It causes draining when unequipped.
 l - a +0 blowgun
Missiles
 f - 5 curare-tipped needles
 o - 296 javelins
 t - 112 steel javelins
 v - 10 exploding tomahawks
 E - 38 javelins of penetration {=f}
 K - 494 poisoned tomahawks (quivered)
Armour
 n - the +3 hat of Pondering (worn) {ponderous, MR+ MP+10 Int+5}
   (You found it on level 1 of the Elven Halls)

   It affects your intelligence (+5).
   It affects your resistance to hostile enchantments.
   It affects your magic capacity (+10).
 H - the +0 pair of gloves "Pol Xoem" (worn) {rElec rC+ SInv}
   (You found it in a Gauntlet)

   It protects you from cold.
   It insulates you from electricity.
   It lets you see invisible.
 L - a +0 plate armour of fire resistance
 P - a +2 pair of boots (worn)
 R - a +2 medium shield of protection (worn)
 T - the +11 chain mail "Kaprit" (worn) {Int+2 Dex+2}
   (You found it in a bailey)

   It affects your intelligence (+2).
   It affects your dexterity (+2).
 Z - a scarf of spirit shield (worn)
Jewellery
 c - the ring of the Equinox {Fire +Inv Str-5 Int+4}
   (You found it on level 10 of the Dungeon)

   [ring of fire]

   It enhances your fire magic.
   It affects your strength (-5).
   It affects your intelligence (+4).
   It protects you from fire.
   It makes you vulnerable to cold.
   It lets you turn invisible.
 s - a ring of magical power (right hand)
 y - an uncursed ring of protection from cold
 A - a +6 ring of evasion (left hand)
 M - an amulet of magic regeneration (around neck)
 O - the ring of Biel {rPois rF+ MR++}
   (You bought it in a shop in the Orcish Mines)

   [ring of poison resistance]

   It protects you from fire.
   It protects you from poison.
   It affects your resistance to hostile enchantments.
Wands
 j - a wand of flame (61)
 u - a wand of random effects (13)
 w - a wand of polymorph (24)
 B - a wand of acid (5)
 D - a wand of disintegration (32)
 N - a wand of scattershot (5)
 W - a wand of iceblast (4)
 X - a wand of charming (14)
Scrolls
 g - 4 scrolls of revelation
 i - a scroll of identify
 r - 2 scrolls of enchant armour
 x - 12 scrolls of remove curse
 Y - 4 scrolls of immolation
Potions
 d - a potion of brilliance
 k - a potion of berserk rage
 m - 3 potions of flight
 p - 5 potions of agility
 C - 5 potions of mutation
 I - 2 potions of haste
 J - a potion of cancellation
 Q - 4 potions of might
 U - a potion of resistance
Miscellaneous
 h - a lamp of fire (inert)
 V - a phial of floods (inert)
Comestibles
 e - 19 rations {!d}


   Skills:
 * Level 10.5(8.6) Fighting
 + Level 16.0(14.0) Axes
   Level 4.6(10.9) Maces & Flails
 * Level 9.8(8.3) Staves
 + Level 3.8(2.2) Throwing
 * Level 10.2(8.3) Armour
 * Level 10.0(8.2) Dodging
 + Level 4.7(3.0) Stealth
 * Level 10.8(9.0) Shields
 * Level 8.8(7.0) Spellcasting
 * Level 9.2(7.4) Conjurations
 * Level 0.4(0.0) Charms
 * Level 8.6(6.8) Fire Magic
 * Level 12.4(10.4) Invocations
 * Level 7.6(5.8) Evocations


You had 29 spell levels left.
You knew the following spells:

 Your Spells              Type           Power        Failure   Level  Hunger
a - Flame Tongue          Conj/Fire      #####        12%         1    None
b - Sticky Flame          Conj/Fire      #####...     77%         4    ####...
c - Infusion              Chrm           #.......     92%         1    None

Your spell library contained the following spells:

 Spells                   Type           Power        Failure   Level  Hunger
 Magic Dart               Conj           ####         11%         1    None
 Conjure Flame            Conj/Fire      #####...     36%         3    None
 Flaming Arrows           Chrm/Fire      ####....     63%         2    None
 Stone Arrow              Conj/Erth      ####..       83%         3    None
 Inner Flame              Hex/Fire       N/A          86%         3    None
 Apportation              Tloc           #.....       92%         1    None
 Corona                   Hex            #......      92%         1    None
 Sandblast                Erth           #.....       92%         1    None
 Slow                     Hex            #.......     92%         1    None
 Summon Butterflies       Summ           #.......     92%         1    None
 Summon Small Mammal      Summ           #...         92%         1    None
 Mephitic Cloud           Conj/Pois/Air  ###.....     94%         3    None
 Blink                    Tloc           N/A          98%         2    None
 Call Imp                 Summ           #.....       98%         2    None
 Passwall                 Tmut/Erth      #.......     98%         2    None
 Fireball                 Conj/Fire      #####.....   98%         5    #####..
 False Image              Hex/Summ       #.......     100%        3    None
 Spider Form              Tmut/Pois      #..          100%        3    None
 Petrify                  Tmut/Erth      #.........   100%        4    ####...
 Bolt of Magma            Conj/Fire/Erth #####.....   100%        5    #####..
 Lee's Rapid Deconstruct  Erth           #.........   100%        5    #####..
 Steam Barrier            Chrm/Fire      ####......   100%        5    #####..
 Summon Demon             Summ           #.........   100%        5    #####..
 Summon Mana Viper        Hex/Summ       #.......     100%        5    #####..
 Bolt of Fire             Conj/Fire      #####.....   100%        6    ######.
 Ignition                 Hex/Fire       ####......   100%        8    #######
 Time Stop                Chrm/Tloc      N/A          100%        8    #######


Dungeon Overview and Level Annotations

Branches:
Dungeon (12/12)            Temple (0/1) D:4            Lair (6/6) D:8
  Swamp (3/3) Lair:2        Snake (3/3) Lair:3        Slime (0/5) Orc
    Orc (1/1) D:10            Elf (3/3) Lair:6       Vaults (0/3) D:11
 Depths (0/5) D:12

Shops:
D:9 :[*   D:11 }   Orc !=*[=

Annotations:
Lair:5 exclusion: 2 oklob plants
Swamp:3 Lernaean hydra
Elf:2 3 runed doors


Innate Abilities, Weirdness & Mutations

You have an increased reservoir of magic. (+10% MP)
You have supernaturally acute eyesight. (SInv)
You are dopey. (Int -2)


Message History

You block the mature stingweird beast's attack.
The mature stingweird beast barely misses you.
The mature stingweird beast constricts you.
No path to travel!
No path to travel!
No path to travel!
No path to travel!
You hit the mature stingweird beast but do no damage.
The mature stingweird beast is moderately wounded.
You hit the mature stingfire beast. You burn the mature stingfire beast.
* * * LOW HITPOINT WARNING * * *
You feel very sick.
The mature stingweird beast hits you but does no damage.
The mature stingweird beast barely misses you.
* * * LOW HITPOINT WARNING * * *
The mature stingweird beast constricts you.
The mature stingfire beast breathes flames at you.
The blast of flame hits you!!!
You die...
Your divinity fades.

............##.......#....##....#
............##.......'....##....'
............##.......#....##....#
..##########################....#
..#...........##...#########....#
..#.....###...##.p.#......##....#
..'.....# #)..##...#......#######
###.....# #...###H##......# #
..[.....# #...#.@H........# #
...)....# #...#...........# #
...[....###...#...........# #
..............#...........# #
..............#...........# #
..............#...........# #
..............#...######### ###
######'####'###...######## #..
#...[....................# #..


You could see 2 mutant beasts and a beastmaster wizard.

Vanquished Creatures
  Vashnia (Snake:3)
  Saint Roka (Elf:1)
  Nikola (Elf:2)
  Frances (Elf:1)
  Asterion (Elf:2)
  Kirke (Snake:2)
  Agnes (Elf:1)
  7 nagarajas (Snake:3)
  2 thorn hunters
  2 deep elf sorcerers (Elf:2)
  An emperor scorpion (D:12)
  Aizul (Snake:2)
  A red draconian (Volcano)
  A deep elf demonologist (Elf:1)
  A dire elephant (D:11)
  2 deep elf annihilators (Elf:3)
  A minotaur (Gauntlet)
  2 fire dragons (Lair:6)
  A mutant beast (D:11)
  Harold (D:10)
  19 hydras
  25 naga warriors
  A rakshasa (Snake:3)
  2 ghost crabs (Swamp:2)
  4 ogre magi (Orc)
  A hydra (shapeshifter) (Elf:1)
  A shambling mangrove (Swamp:2)
  A catoblepas (Gauntlet)
  15 two-headed ogres
  25 dancing weapons
  11 anacondas
  A queen ant (Lair:5)
  9 alligators
  The ghost of Gatewing the Slinger, a journeyman DsGl of Hepliaklqana (D:10)
  6 death yaks
  3 tengu warriors
  An orc high priest (D:12)
  14 deep elf knights
  7 shock serpents
  Nergalle (D:10)
  14 naga sharpshooters
  A deep troll (D:11)
  2 centaur warriors
  A fire crab (Lair:6)
  6 salamander mystics
  A spriggan druid (Swamp:2)
  2 goliath frogs
  12 swamp dragons
  A death drake (Swamp:2)
  A lindwurm (Lair:4)
  8 naga ritualists
  A swamp dragon (shapeshifter) (Elf:3)
  4 deep elf archers
  4 orc knights
  A lindwurm (shapeshifter) (D:11)
  A wolf spider zombie (D:12)
  A cyclops (D:11)
  44 deep elf magi
  9 mana vipers
  An ugly thing (D:10)
  5 orc sorcerers (Orc)
  14 naga magi
  16 salamanders
  A wolf spider (Lair:6)
  16 elephants
  26 black mambas
  5 molten gargoyles
  An ice statue (Gauntlet)
  5 guardian serpents (Snake:3)
  4 rime drakes
  4 gargoyles
  20 cane toads
  A kobold demonologist (D:11)
  11 komodo dragons
  A yaktaur (shapeshifter) (Elf:3)
  A harpy zombie (D:12)
  8 trolls
  A polar bear (Lair:5)
  3 meliai
  A merfolk (D:12)
  6 tyrant leeches
  20 slime creatures
  13 hornets
  5 bog bodies
  24 blink frogs
  2 harpy skeletons (D:12)
  4 dream sheep (Lair:6)
  7 hippogriffs
  Sigmund (D:6)
  Grum (Lair:4)
  5 air elementals
  6 spriggans
  4 water elementals
  46 yaks
  2 wraiths
  A shadow (D:11)
  2 hungry ghosts (D:7)
  5 wyverns
  A wyvern (shapeshifter) (D:12)
  2 basilisks (shapeshifter)
  2 fire elementals
  A hog (Snake:2)
  2 fire bats (Volcano)
  14 vampire mosquitoes
  A golden eye (shapeshifter) (D:11)
  7 basilisks
  A steam dragon (Lair:6)
  9 swamp worms
  39 nagas
  6 wargs
  13 water moccasins
  4 hell hounds (Lair:6)
  An acid dragon (D:12)
  12 crocodiles
  8 porcupines
  2 black bears
  2 meliai simulacra (D:10)
  28 orc warriors
  3 sky beasts
  A hornet zombie (D:12)
  9 soldier ants
  10 swamp drakes
  2 phantoms
  9 ice beasts
  27 ogres
  A necrophage (D:6)
  A cane toad skeleton (D:10)
  9 wolves
  15 bullfrogs
  4 kobold brigands
  A gnoll sergeant (D:9)
  A wyvern zombie (D:6)
  4 scorpions
  A wyvern skeleton (D:8)
  2 howler monkeys (D:9)
  15 orc priests
  14 lava snakes
  5 crimson imps
  A bullfrog zombie (D:9)
  2 jellies
  3 hounds
  2 bullfrog skeletons
  A gnoll shaman (D:5)
  An iron imp (Orc)
  15 orc wizards
  3 iguanas
  20 worker ants
  A hound skeleton (D:4)
  3 howler monkey skeletons
  A worker ant zombie (D:6)
  14 gnolls
  5 river rats (Sewer)
  17 adders
  4 shadow imps
  3 white imps
  3 oozes
  A dart slug (D:1)
  6 leopard geckos
  96 orcs
  4 bats
  3 giant cockroaches
  9 goblins
  7 hobgoblins
  4 jackals
  5 quokkas
  10 ball pythons
  5 frilled lizards
  A jackal skeleton (D:6)
  49 kobolds
  31 rats
  7 fungi
  4 plants
1221 creatures vanquished.

Vanquished Creatures (collateral kills)
  A swamp dragon (Swamp:3)
1 creature vanquished.

Vanquished Creatures (others)
  A naga warrior (Snake:3)
  A shock serpent (Snake:3)
  A salamander mystic (Snake:3)
  A naga ritualist (Snake:3)
  3 naga magi
  A molten gargoyle (Gauntlet)
  5 humans (Snake:2)
  A naga (Snake:3)
  An orc wizard (Orc)
  19 fungi
  25 plants
59 creatures vanquished.

Grand Total: 1281 creatures vanquished

Notes
Turn   | Place    | Note
-------+----------+-------------------------------------------
     0 | D:1      | Grimmash the Demigod Archaeologist began the quest for the
                  | Orb.
     0 | D:1      | Reached XP level 1. HP: 15/15 MP: 3/3
   189 | D:1      | Reached skill level 1 in Maces & Flails
   219 | D:1      | Reached XP level 2. HP: 15/22 MP: 4/4
   640 | D:2      | Reached XP level 3. HP: 26/27 MP: 5/5
   687 | D:1      | Reached skill level 1 in Fighting
   823 | D:2      | Reached * piety under Demigod
   989 | D:2      | Reached skill level 1 in Invocations
  1048 | D:2      | Reached XP level 4. HP: 30/35 MP: 7/7
  1164 | D:2      | Reached skill level 1 in Axes
  1252 | D:2      | Found a snail-covered altar of Cheibriados.
  1254 | D:2      | Found a sparkling altar of Nemelex Xobeh.
  2401 | D:4      | Found an ornate altar of the Wu Jian Council.
  2418 | D:4      | Reached skill level 1 in Armour
  2418 | D:4      | Reached XP level 5. HP: 31/40 MP: 8/8
  2418 | D:4      | Identified a scroll of acquirement
  2424 | D:4      | Identified the +0 helmet of Oliuseu {+Blink rElec Str-2
                  | Dex+6} (You acquired it on level 4 of the Dungeon)
  2424 | D:4      | Identified Grimmash's Reference Book on Flames and
                  | Self-Knowledge (You acquired it on level 4 of the Dungeon)
  2449 | D:4      | Learned a level 4 spell: Sticky Flame
  2490 | D:4      | Reached skill level 2 in Axes
  2490 | D:4      | Reached skill level 1 in Spellcasting
  2873 | D:4      | Reached ** piety under Demigod
  2980 | D:4      | Reached XP level 6. HP: 35/47 MP: 10/10
  3295 | D:4      | Found an opulent altar of Gozag.
  3304 | D:4      | Found a blossoming altar of Fedhas.
  3315 | D:4      | Found a shattered altar of Ashenzari.
  3329 | D:4      | Found a shimmering blue altar of Sif Muna.
  3444 | D:4      | Found a staircase to the Ecumenical Temple.
  3615 | D:5      | Entered Level 5 of the Dungeon
  3615 | D:5      | Found a sacrificial altar of Ru.
  3750 | D:5      | Gained mutation: You are dopey. (Int -2) [potion of
                  | mutation]
  3750 | D:5      | Gained mutation: You have supernaturally acute eyesight.
                  | (SInv) [potion of mutation]
  3756 | D:5      | HP: 1/48 [orc priest/divine providence (11)]
  3763 | D:5      | HP: 1/48 [orc priest/divine providence (12)]
  3768 | D:5      | Reached XP level 7. HP: 2/55 MP: 12/12
  3807 | D:5      | Found a glowing drain.
  3873 | Sewer    | Entered a sewer
  4177 | Sewer    | Reached *** piety under Demigod
  4268 | Sewer    | Reached skill level 3 in Axes
  4805 | D:5      | Reached skill level 1 in Conjurations
  4805 | D:5      | Reached skill level 1 in Fire Magic
  5059 | D:5      | Found a blossoming altar of Fedhas.
  5280 | D:6      | Noticed a yak
  5282 | D:6      | Noticed a yak
  5288 | D:6      | Noticed a yak
  5289 | D:6      | Noticed a yak
  5292 | D:6      | Noticed a yak
  5300 | D:5      | Reached XP level 8. HP: 18/64 MP: 14/14
  5551 | D:5      | Reached **** piety under Demigod
  5638 | D:6      | Reached skill level 4 in Axes
  5822 | D:6      | Noticed an air elemental
  5873 | D:6      | Noticed Sigmund
  5897 | D:6      | Killed Sigmund
  6111 | D:6      | Reached skill level 5 in Axes
  6664 | D:6      | Reached XP level 9. HP: 55/72 MP: 16/16
  6720 | D:6      | Found a stormy altar of Qazlal.
  6855 | D:6      | HP: 1/72 [yak (4)]
  6887 | D:6      | Reached skill level 6 in Axes
  7593 | D:7      | Noticed a troll
  7605 | D:7      | Killed a troll
  7618 | D:7      | Reached skill level 5 in Fighting
  7799 | D:7      | Noticed a troll
  7829 | D:7      | Killed a troll
  7830 | D:7      | Reached skill level 7 in Axes
  7830 | D:7      | Reached skill level 5 in Invocations
  7830 | D:7      | Reached XP level 10. HP: 42/80 MP: 18/18
  8411 | D:8      | Noticed an elephant
  8413 | D:8      | Found a staircase to the Lair.
  8417 | D:8      | Reached ***** piety under Demigod
  8424 | D:8      | Killed an elephant
  8431 | D:8      | Reached skill level 5 in Dodging
  8846 | D:8      | Found a hazy altar of Hepliaklqana.
  8939 | D:8      | Got a heavily runed ring mail
  9541 | D:9      | Identified the ring of the Devil's Team {Ice rN++ Dex-2}
                  | (You acquired it on level 9 of the Dungeon)
  9542 | D:9      | Found the +9 staff of Wucad Mu {crush, +Abjure *Drain
                  | MP+20}
  9639 | D:9      | Noticed a tengu warrior
  9640 | D:9      | Noticed a tengu warrior
  9653 | D:9      | Killed a tengu warrior
  9654 | D:9      | Reached skill level 8 in Axes
  9659 | D:9      | Killed a tengu warrior
  9660 | D:9      | Reached skill level 1 in Staves
  9675 | D:9      | Identified the cursed +0 ring mail "Xivecur" {MR+ Dex+2}
                  | (You found it on level 8 of the Dungeon)
  9723 | D:9      | Reached XP level 11. HP: 52/89 MP: 20/20
  9834 | D:9      | Found Xuwang's Assorted Antiques.
  9914 | D:9      | Bought a moonstone ring for 140 gold pieces
  9973 | D:9      | Noticed an orc knight
  9987 | D:9      | Killed an orc knight
 10222 | D:9      | Found Navowneokh's Antique Armour Emporium.
 10371 | D:9      | Found Saqan's Book Shoppe.
 10521 | D:9      | Bought a book of Flames for 420 gold pieces
 10601 | D:9      | Reached skill level 1 in Shields
 10821 | D:10     | Entered Level 10 of the Dungeon
 10821 | D:10     | Noticed Nergalle
 10826 | D:10     | Noticed a spectral orc warlord
 10837 | D:10     | Killed Nergalle
 10908 | D:10     | Noticed Gatewing's ghost (journeyman DsGl)
 10947 | D:10     | Found a flagged portal.
 10959 | Bailey   | Entered a bailey
 11043 | Bailey   | Noticed an orc knight
 11063 | Bailey   | Killed an orc knight
 11064 | Bailey   | Reached skill level 5 in Armour
 11706 | Bailey   | Found a burning altar of Makhleb.
 11713 | Bailey   | Got a heavily runed chain mail
 11738 | Bailey   | Identified the +11 chain mail "Kaprit" {Int+2 Dex+2} (You
                  | found it in a bailey)
 11778 | D:10     | Noticed a centaur warrior
 11788 | D:10     | Killed a centaur warrior
 11810 | D:10     | Noticed Harold
 11850 | D:10     | Killed Harold
 11980 | D:10     | Found a runed translucent gate.
 11981 | D:10     | Found a runed translucent gate.
 12023 | D:10     | Noticed a white ugly thing
 12065 | D:10     | Learned a level 1 spell: Flame Tongue
 12136 | D:10     | Killed a white ugly thing
 12259 | D:10     | Found a runed translucent gate.
 12274 | D:10     | Found a roughly hewn altar of Beogh.
 12274 | D:10     | Found a staircase to the Orcish Mines.
 12345 | D:10     | Reached skill level 1 in Throwing
 12982 | D:10     | Reached ****** piety under Demigod
 13193 | D:10     | Killed Gatewing's ghost
 13246 | D:10     | Got the ring of the Equinox {Fire}
 13255 | D:10     | Identified the ring of the Equinox {Fire +Inv Str-5 Int+4}
                  | (You found it on level 10 of the Dungeon)
 13523 | Lair:1   | Entered Level 1 of the Lair of Beasts
 13539 | Lair:1   | Reached XP level 12. HP: 89/97 MP: 23/23
 13611 | Lair:1   | Found a gate leading to a gauntlet.
 13622 | Gauntlet | Entered a Gauntlet
 13622 | Gauntlet | Found a transporter.
 13632 | Gauntlet | Found a transporter.
 13647 | Gauntlet | Found a transporter.
 13653 | Gauntlet | Found a transporter.
 13667 | Gauntlet | Noticed a ghost crab
 13668 | Gauntlet | Found a transporter.
 13688 | Gauntlet | Noticed a reaper
 13688 | Gauntlet | Found a transporter.
 13700 | Gauntlet | Found a transporter.
 13700 | Gauntlet | Noticed a reaper
 13712 | Gauntlet | Found a transporter.
 13712 | Gauntlet | Noticed a catoblepas
 13723 | Gauntlet | Found the +2 ratskin cloak {+Rats rN+}
 13724 | Gauntlet | Found a transporter.
 13736 | Gauntlet | Found a transporter.
 13753 | Gauntlet | Found a transporter.
 13770 | Gauntlet | Found a transporter.
 13772 | Gauntlet | Found a transporter.
 13798 | Gauntlet | Found a transporter.
 13800 | Gauntlet | Found a transporter.
 13802 | Gauntlet | Found a transporter.
 13824 | Gauntlet | Found a transporter.
 13826 | Gauntlet | Found a transporter.
 14526 | Gauntlet | Reached skill level 1 in Evocations
 14588 | Gauntlet | Killed a catoblepas
 14650 | Gauntlet | Got a pair of warped gloves
 14656 | Gauntlet | Identified the +0 pair of gloves "Pol Xoem" {rElec rC+
                  | SInv} (You found it in a Gauntlet)
 14685 | Gauntlet | Noticed a minotaur
 14697 | Gauntlet | Killed a minotaur
 15084 | Lair:1   | Reached skill level 5 in Staves
 15086 | Lair:1   | Got a translucent steel ring
 15088 | Lair:1   | Identified the cursed ring of Fuatoge {+Blink Dex-3} (You
                  | found it on level 1 of the Lair of Beasts)
 15151 | Lair:1   | Reached skill level 5 in Spellcasting
 15882 | Lair:2   | Found a dark tunnel.
 15892 | Volcano  | Entered a volcano
 16174 | Volcano  | Found a bloodstained altar of Trog.
 16402 | Volcano  | Noticed a red draconian
 16421 | Volcano  | Killed a red draconian
 16954 | Lair:2   | Reached skill level 5 in Conjurations
 16996 | Lair:2   | Reached XP level 13. HP: 62/105 MP: 25/25
 17003 | Lair:2   | Reached skill level 5 in Shields
 17372 | Lair:2   | Found a staircase to the Swamp.
 17387 | Lair:2   | Reached skill level 5 in Fire Magic
 18140 | Lair:3   | Found a staircase to the Snake Pit.
 19227 | Lair:4   | Reached skill level 9 in Axes
 19249 | Lair:4   | Noticed Grum
 19255 | Lair:4   | Killed Grum
 20362 | Lair:5   | Reached XP level 14. HP: 112/113 MP: 22/27
 21068 | Lair:6   | Entered Level 6 of the Lair of Beasts
 21069 | Lair:6   | Found a staircase to the Elven Halls.
 21171 | Lair:6   | Reached skill level 10 in Axes
 22488 | Lair:6   | Found a large runed door.
 22493 | Lair:6   | Found a large runed door.
 23690 | D:11     | Found a gate to the Vaults.
 23735 | D:11     | Reached XP level 15. HP: 121/121 MP: 29/29
 23735 | D:11     | Found Witute's Gadget Shoppe.
 23926 | D:11     | Found a runed translucent door.
 24429 | D:12     | Entered Level 12 of the Dungeon
 25245 | D:12     | Reached skill level 11 in Axes
 25772 | D:12     | Found a staircase to the Depths.
 26239 | Orc      | Entered the Orcish Mines
 26284 | Orc      | Found a viscous altar of Jiyva.
 26285 | Orc      | Found a staircase to the Slime Pits.
 26541 | Orc      | Paralysed by an orc sorcerer for 2 turns
 26960 | Orc      | Identified the +1 hat of Shadows and Fog {rElec Slay+3,
                  | pickup} (You found it in the Orcish Mines)
 27190 | Orc      | Found Wuadilae's Armour Boutique.
 27190 | Orc      | Found Orghaq's Jewellery Shoppe.
 27190 | Orc      | Found Byxidgh's Jewellery Emporium.
 27190 | Orc      | Found Geoduop's General Store.
 27204 | Orc      | Found Xysasmeh's Distillery.
 27473 | Orc      | Reached skill level 10 in Invocations
 28105 | Orc      | Bought the ring of Biel {rPois rF+ MR++} for 424 gold
                  | pieces
 28277 | Swamp:1  | Entered Level 1 of the Swamp
 28289 | Swamp:1  | Noticed a thorn hunter
 28309 | Swamp:1  | Killed a thorn hunter
 28310 | Swamp:1  | Got a jewelled hand crossbow
 28312 | Swamp:1  | Identified the cursed +1 hand crossbow "Qiff" {venom, rElec
                  | rPois rF+++ rC+} (You found it on level 1 of the Swamp)
 28515 | Swamp:1  | Reached skill level 5 in Evocations
 28756 | Swamp:1  | Reached XP level 16. HP: 123/129 MP: 31/31
 29592 | Swamp:2  | Reached skill level 12 in Axes
 30717 | Swamp:2  | Noticed a thorn hunter
 30726 | Swamp:2  | Killed a thorn hunter
 31024 | Swamp:3  | Entered Level 3 of the Swamp
 31512 | Swamp:3  | Noticed the 27-headed Lernaean hydra
 31903 | D:9      | Bought a manual of Axes for 1324 gold pieces
 32034 | Snake:1  | Entered Level 1 of the Snake Pit
 32952 | Snake:1  | Reached XP level 17. HP: 88/136 MP: 21/33
 33490 | Snake:1  | Reached skill level 13 in Axes
 33921 | Snake:2  | Noticed Kirke
 33949 | Snake:2  | Killed Kirke
 33974 | Snake:2  | Noticed Aizul
 33986 | Snake:2  | Killed Aizul
 35051 | Snake:3  | Entered Level 3 of the Snake Pit
 35883 | Snake:3  | Noticed Vashnia
 35919 | Snake:3  | Reached skill level 14 in Axes
 36744 | Snake:3  | Reached XP level 18. HP: 84/147 MP: 19/35
 36776 | Snake:3  | HP: 4/147 [naga sharpshooter/arrow (8)]
 37633 | Snake:3  | Killed Vashnia
 38060 | Snake:3  | Reached skill level 10 in Shields
 38086 | Snake:3  | Reached skill level 15 in Axes
 38369 | Snake:3  | Got a serpentine rune of Zot
 38491 | Snake:3  | Reached skill level 10 in Fighting
 38895 | D:11     | Bought a phantom mirror for 300 gold pieces
 39712 | Elf:1    | Entered Level 1 of the Elven Halls
 40008 | Elf:1    | Found the +3 hat of Pondering {ponderous, MR+ MP+10 Int+5}
 40117 | Elf:1    | Noticed Frances
 40138 | Elf:1    | Killed Frances
 40379 | Elf:1    | Noticed an Ice Fiend
 40791 | Elf:1    | Identified the Handbook of Illusion
 40940 | Elf:1    | Noticed Agnes
 40959 | Elf:1    | Killed Agnes
 41372 | Elf:1    | Noticed Saint Roka
 41405 | Elf:1    | Killed Saint Roka
 41931 | Elf:2    | Reached skill level 10 in Armour
 42083 | Elf:2    | Noticed Asterion
 42116 | Elf:2    | Killed Asterion
 42117 | Elf:2    | Reached XP level 19. HP: 26/155 MP: 14/36
 42910 | Elf:2    | Found a runed gate.
 42910 | Elf:2    | Found a runed gate.
 42963 | Elf:2    | Reached skill level 16 in Axes
 43030 | Elf:2    | Found a runed gate.
 43035 | Elf:2    | Identified the cursed -3 pair of gloves of Light {rN+
                  | Stlth+}
 43035 | Elf:2    | Noticed Nikola
 43064 | Elf:2    | Killed Nikola
 43672 | Elf:2    | Reached skill level 10 in Dodging
 43835 | Elf:2    | Learned a level 1 spell: Infusion
 43863 | Elf:3    | Entered Level 3 of the Elven Halls
 44552 | Elf:3    | Identified the +0 robe of the Prince of Darkness {rPois
                  | rF++ Int-3} (You found it on level 3 of the Elven Halls)
 45117 | D:11     | Killed from afar by a mature stingfire beast

Skill      XL: |  1  2  3  4  5  6  7  8  9 10 11 12 13 14 15 16 17 18 19 |
---------------+----------------------------------------------------------+-----
Maces & Flails | 1 2 3 4 |  4.6
Dodging        | 3 4 5 6 7 8 9 10 | 10.0
Fighting       | 1 2 3 4 5 6 7 8 9 10 | 10.5
Invocations    | 1 2 3 4 5 6 7 8 9 10 11 12 | 12.4
Axes           | 1 2 3 5 7 8 9 10 11 12 14 15 16 | 16.0
Armour         | 1 2 3 4 5 6 7 8 9 10 | 10.2
Spellcasting   | 1 2 3 4 5 6 7 8 |  8.8
Conjurations   | 1 2 3 4 5 6 7 8 9 |  9.2
Fire Magic     | 1 2 3 4 5 6 7 8 |  8.6
Staves         | 1 4 5 6 7 8 9 |  9.8
Stealth        | 4 |  4.7
Shields        | 2 4 6 7 8 9 10 | 10.8
Throwing       | 1 2 3 |  3.8
Evocations     | 2 3 4 5 6 7 |  7.6
Charms         | |  0.4

Action                   |  1- 3 |  4- 6 |  7- 9 | 10-12 | 13-15 | 16-18 | 19-21 || total
-------------------------+-------+-------+-------+-------+-------+-------+-------++-------
Melee: Whip              |    80 |       |       |       |       |       |       ||    80
       Hand axe          |    37 |   103 |       |       |       |       |       ||   140
       Flail             |       |   107 |       |       |       |       |       ||   107
       War axe           |       |       |   483 |   129 |       |       |       ||   612
       Punch             |       |       |     1 |       |       |       |       ||     1
       Staff             |       |       |       |   672 |   593 |   128 |   360 ||  1753
       Broad axe         |       |       |       |       |   817 |  1412 |    17 ||  2246
 Fire: Blowgun           |       |       |   127 |     1 |       |       |       ||   128
Throw: Javelin           |       |     8 |     8 |       |    39 |   116 |       ||   171
       Tomahawk          |       |       |       |    73 |    75 |    55 |    57 ||   260
 Cast: Flame Tongue      |       |       |       |       |       |    18 |    12 ||    30
Invok: Growth            |       |       |     1 |     1 |       |       |     1 ||     3
       Heroism           |       |       |     1 |     2 |    13 |    21 |     1 ||    38
       Major Destruction |       |       |       |     1 |       |     1 |       ||     2
       Smiting           |       |       |       |     2 |     3 |     8 |     3 ||    16
       Divine Shield     |       |       |       |     1 |     3 |     6 |       ||    10
       Temporal Distorti |       |       |       |       |       |     1 |       ||     1
Evoke: Wand              |       |     1 |     3 |    31 |     1 |     4 |    13 ||    53
       Phial of floods   |       |       |       |     2 |     1 |     5 |     1 ||     9
       Lamp of fire      |       |       |       |     1 |     1 |     6 |     2 ||    10
       Fan of gales      |       |       |       |       |       |     2 |       ||     2
       Phantom mirror    |       |       |       |       |       |     1 |       ||     1
       Staff of Wucad Mu |       |       |       |       |       |       |     3 ||     3
  Use: Potion            |       |     6 |     2 |     8 |     2 |    13 |     3 ||    34
       Scroll            |       |     2 |     5 |    24 |    16 |    13 |     8 ||    68
 Stab: Sleeping          |     5 |     7 |       |       |       |       |       ||    12
       Confused          |       |       |       |     8 |       |     3 |       ||    11
       Invisible         |       |       |       |       |       |     1 |       ||     1
       Distracted        |       |       |       |       |       |     2 |       ||     2
  Eat: Chunk             |     4 |    15 |    40 |    39 |    78 |    34 |     5 ||   215
       Ration            |       |       |       |     5 |     2 |    15 |     4 ||    26
Armor: Robe              |    33 |    28 |       |       |       |       |       ||    61
       Chain mail        |       |    45 |   228 |   340 |   696 |   722 |   140 ||  2171
       Ring mail         |       |    10 |       |       |       |       |       ||    10
       Plate armour      |       |       |       |       |    22 |       |       ||    22
Dodge: Dodged            |    81 |   177 |   509 |   441 |   985 |   770 |   163 ||  3126
Block: Medium shield     |       |       |       |   446 |  1199 |  1318 |   254 ||  3217
